 Dungeon Crawl Stone Soup version 0.22-a0-274-gf8199ec (webtiles) character file.

3437 Amnesiac the Thaumaturge (level 9, 0/65 HPs)
             Began as a Mummy Wizard on Mar 14, 2018.
             Was an Elder of Sif Muna.
             Slain by a centaur warrior (8 damage)
             ... on level 7 of the Dungeon.
             The game lasted 00:15:11 (7297 turns).

Amnesiac the Thaumaturge (Mummy Wizard)             Turns: 7297, Time: 00:15:12

Health: 0/65       AC:  7    Str: 10    XL:     9   Next: 77%
Magic:  15/21      EV: 13    Int: 24    God:    Sif Muna [****..]
Gold:   403        SH:  0    Dex: 11    Spells: 9/24 levels left

rFire    . . .     SeeInvis .   a - +3 hunting sling (velocity)
rCold    . . .     Gourm    .   (no shield)
rNeg     + + +     Faith    +   l - +2 leather armour {MR+}
rPois    ∞         Spirit   .   h - +1 helmet
rElec    .         Reflect  .   (no cloak)
rCorr    .         Harm     .   (no gloves)
MR       ++...                  (no boots)
Stlth    +.........             j - amulet of faith
HPRegen  0.20/turn              i - ring of fire
MPRegen  0.17/turn              c - +4 ring of intelligence

@: divine energy
A: no food or potions, fire vulnerability, cold resistance 1, negative energy
resistance 3, torment resistance, unbreathing
a: Stop Divine Energy, Channel Magic, Forget Spell, Renounce Religion


You were on level 7 of the Dungeon.
You worshipped Sif Muna.
Sif Muna was greatly pleased with you.
You were not hungry.

You visited 1 branch of the dungeon, and saw 7 of its levels.
You also visited: Ossuary.

You collected 433 gold pieces.
You spent 30 gold pieces at shops.

Inventory:

Hand Weapons
 a - a +3 hunting sling of velocity (weapon)
 k - a +1 dagger of protection
Missiles
 g - 72 sling bullets
 m - 151 stones (quivered)
 r - 34 poisoned needles
 v - 3 curare-tipped needles
Armour
 e - a +0 shield
 h - a +1 helmet (worn)
 l - a +2 leather armour of magic resistance (worn)
 w - a +0 troll leather armour
Magical Staves
 b - an uncursed staff of wizardry
Jewellery
 c - a +4 ring of intelligence (right hand)
 i - a ring of fire (left hand)
 j - an amulet of faith (around neck)
 q - an uncursed ring of flight
 s - the ring "Xaupyaq" {Ice rElec Str+6 Int-5}
   (You found it on level 4 of the Dungeon)

   [ring of ice]

   It enhances your ice magic.
   It affects your strength (+6).
   It affects your intelligence (-5).
   It makes you vulnerable to fire.
   It protects you from cold.
   It insulates you from electricity.
Wands
 o - a wand of flame (25)
 p - a wand of acid (8)
Scrolls
 d - 4 scrolls of teleportation {!r}
 f - a scroll of blinking {!r}
 n - a scroll of remove curse {!r}
 t - 2 scrolls of amnesia {!r}
 u - a scroll of enchant armour {!r}
 x - a scroll of fear {!r}
 y - a scroll of fog {!r}


   Skills:
 - Level 4.0 Fighting
 - Level 4.0 Dodging
 - Level 1.5 Stealth
 - Level 4.1 Shields
 + Level 8.2 Spellcasting
 * Level 8.2 Conjurations
 - Level 0.7 Summonings
 - Level 0.7 Translocations


You had 9 spell levels left.
You knew the following spells:

 Your Spells              Type           Power        Failure   Level  Hunger
a - Lightning Bolt        Conj/Air       ####......   41%         5    N/A
b - Call Imp              Summ           ##......     10%         2    N/A
e - Mephitic Cloud        Conj/Pois/Air  ###.....     9%          3    N/A
s - Conjure Flame         Conj/Fire      #####...     4%          3    N/A
v - Blink                 Tloc           N/A          10%         2    N/A

Dungeon Overview and Level Annotations

Branches:
Dungeon (7/15)             Temple (0/1) D:5

Altars:
Ashenzari
Elyvilon
Hepliaklqana
Okawaru
Qazlal
Sif Muna
Vehumet
Xom

Shops:
D:4 *   D:7 ?

Annotations:
D:7 1 transporter


Innate Abilities, Weirdness & Mutations

You do not eat or drink.
Your flesh is vulnerable to fire.
You are immune to poison.
Your flesh is cold resistant. (rC+)
You are immune to negative energy. (rN+++)
You are immune to unholy pain and torment.
You can survive without breathing.


Message History

m - 150 stones (gained 1)
m - 151 stones (gained 1)
You see here a ration.
Key pressed, stopping explore.
You see here a club.
Partly explored, unvisited transporter.
Partly explored, unvisited transporter.
Partly explored, unvisited transporter.
You see here a ration.
The orc warrior shouts!
The howler monkey howls!
The hound barks!
The hound stops to sniff the ground.
There is a transporter here.
You enter the transporter and appear at another place.
The centaur warrior wields a longbow.
The centaur warrior shoots an arrow.
The arrow hits you!!
The ice beast hits you but does no damage.
The orc warrior hits you from afar with a halberd!!
* * * LOW HITPOINT WARNING * * *
The hound bites you but does no damage.
Casting: Mephitic Cloud (safe; 9% risk of failure)
Confirm with . or Enter, or press ? or * to list all spells.
Aiming: Mephitic Cloud (safe; 9% risk of failure)
Press: ? - help, Shift-Dir - straight line The ball explodes into a vile cloud!
The stinking cloud engulfs the orc warrior.
The stinking cloud engulfs the howler monkey.
The stinking cloud engulfs the centaur warrior.
The centaur warrior is engulfed in noxious fumes.
The howler monkey hits you.
* * * LOW HITPOINT WARNING * * *
The ice beast misses you.
The orc warrior is engulfed in noxious fumes.
The orc warrior appears confused.
Casting: Mephitic Cloud (safe; 9% risk of failure)
Confirm with . or Enter, or press ? or * to list all spells.
Aiming: Mephitic Cloud (safe; 9% risk of failure)
Press: ? - help, Shift-Dir - straight line, f - hound
Aim: a hound (noxious fumes)
The ball explodes into a vile cloud!
The stinking cloud engulfs the howler monkey.
The stinking cloud engulfs you!
The stinking cloud engulfs the orc warrior.
The orc warrior is lightly wounded.
The stinking cloud engulfs the hound.
The stinking cloud engulfs the centaur warrior.
The centaur warrior is lightly wounded.
The hound is engulfed in noxious fumes.
The centaur warrior unwields an uncursed longbow.
The centaur warrior hits you!
* * * LOW HITPOINT WARNING * * *
The howler monkey is engulfed in noxious fumes.
The howler monkey appears confused.
The howler monkey hits itself!
The ice beast hits you but does no damage.
The orc warrior is engulfed in noxious fumes.
The orc warrior appears confused.
The orc warrior closely misses the centaur warrior.
The hound is engulfed in noxious fumes.
The hound appears confused.
The howler monkey is engulfed in noxious fumes.
The howler monkey appears confused.
The centaur warrior closely misses you.
The ice beast hits you but does no damage.
The centaur warrior hits you!
You die...

.#.#.##### #######.#
.........# #..#).###
.#.#.###.############..)).#
#...## #............#..#).#
##.#####..#########...#####
#.....##.##.......##....#
#.###.##.#8..#.#..8#.##.#
#.#
#..#.#$%#...#h.#.##!#####
#.#
##...#$(....@Y.#........#
#.#
#..©#_$....§c§#©..####.#
#.# ##..#?$...?oh§#..## #.#
#.# ##.#$[#...#§§#.## #.#
#.# #.#8..#.#..8#.# #.#####
#.#
#.##...©...##.######<.....
#.####
#..#########.........#....
.....#
##..........[#######......
.....# #.#.#######.#
###.#..


You could see a centaur warrior, an orc warrior (confused), an ice beast, a
howler monkey (confused) and a hound (confused).

Vanquished Creatures
  A troll (D:6)
  2 hippogriffs (D:6)
  A hornet (D:7)
  A spriggan (D:7)
  Menkaure (Ossuary)
  An orc warrior (D:6)
  An ice beast (D:7)
  A sky beast (D:7)
  3 phantoms
  A necrophage (D:5)
  2 ogres
  5 centaurs
  2 big kobolds
  A gnoll sergeant (D:7)
  A bullfrog (D:7)
  3 scorpions
  A water moccasin skeleton (D:5)
  2 crimson imps
  3 bullfrog skeletons
  A jelly (D:6)
  An orc priest (D:3)
  7 hounds
  A centaur skeleton (D:5)
  Jessica (D:3)
  5 orc wizards
  A worker ant (D:6)
  A howler monkey zombie (D:7)
  2 mummies (Ossuary)
  5 gnolls (D:7)
  A howler monkey skeleton (D:7)
  8 adders
  A shadow imp (D:6)
  5 worms
  2 dart slugs (D:4)
  4 leopard geckos
  26 orcs
  A ball python (D:1)
  7 bats
  6 giant cockroaches
  7 goblins
  9 hobgoblins
  10 jackals
  2 quokkas
  4 frilled lizards
  A gnoll skeleton (Ossuary)
  3 gnoll zombies (Ossuary)
  2 goblin skeletons (Ossuary)
  2 goblin zombies (Ossuary)
  A hobgoblin skeleton (Ossuary)
  A hobgoblin zombie (Ossuary)
  7 kobolds
  2 kobold skeletons (Ossuary)
  A kobold zombie (Ossuary)
  A leopard gecko zombie (D:7)
  3 orc skeletons (Ossuary)
  An orc zombie (Ossuary)
  9 rats
  2 rat skeletons (Ossuary)
  A rat zombie (Ossuary)
188 creatures vanquished.

Vanquished Creatures (collateral kills)
  A worm (D:2)
  A goblin (D:2)
  A frilled lizard (D:2)
  A kobold (D:2)
4 creatures vanquished.

Vanquished Creatures (others)
  A mummy (Ossuary)
  5 gnoll skeletons (Ossuary)
  A gnoll zombie (Ossuary)
  A goblin skeleton (Ossuary)
  3 goblin zombies (Ossuary)
  4 hobgoblin skeletons (Ossuary)
  A hobgoblin zombie (Ossuary)
  5 kobold zombies (Ossuary)
  2 orc skeletons (Ossuary)
  4 orc zombies (Ossuary)
  2 rat skeletons (Ossuary)
  2 rat zombies (Ossuary)
31 creatures vanquished.

Grand Total: 223 creatures vanquished

Notes
Turn   | Place    | Note
-------+----------+-------------------------------------------
     0 | D:1      | Amnesiac the Mummy Wizard began the quest for the Orb.
     0 | D:1      | Reached XP level 1. HP: 13/13 MP: 5/5
    18 | D:1      | Reached skill level 1 in Conjurations
   328 | D:2      | Found a shattered altar of Ashenzari.
   472 | D:1      | Reached XP level 2. HP: 19/19 MP: 7/7
   558 | D:1      | Learned a level 2 spell: Call Imp
  1013 | D:2      | Reached skill level 1 in Shields
  1396 | D:2      | Reached XP level 3. HP: 22/24 MP: 8/8
  1405 | D:2      | Learned a level 3 spell: Mephitic Cloud
  1409 | D:2      | Learned a level 3 spell: Conjure Flame
  1840 | D:2      | Reached skill level 1 in Fighting
  2031 | D:2      | Reached XP level 4. HP: 28/33 MP: 10/10
  2190 | D:3      | Reached XP level 5. HP: 30/40 MP: 11/11
  2253 | D:3      | Noticed Jessica
  2254 | D:3      | Killed Jessica
  2546 | D:3      | Found a stormy altar of Qazlal.
  2732 | D:3      | Reached XP level 6. HP: 41/47 MP: 8/12
  2846 | D:4      | Found a deep blue altar of Sif Muna.
  2846 | D:4      | Found a white marble altar of Elyvilon.
  2855 | D:4      | Became a worshipper of Sif Muna the Loreminder
  3056 | D:4      | Found Urieddir's Elemental Accessories.
  3090 | D:4      | Reached XP level 7. HP: 48/52 MP: 13/13
  3142 | D:4      | Got a flickering copper ring
  3145 | D:4      | Identified the ring "Xaupyaq" {Ice rElec Str+6 Int-5} (You found it on level 4 of the Dungeon)
  3525 | D:5      | Entered Level 5 of the Dungeon
  3592 | D:5      | Reached * piety under Sif Muna
  3980 | D:5      | Reached XP level 8. HP: 40/60 MP: 14/14
  4020 | D:5      | Reached skill level 5 in Conjurations
  4218 | D:5      | Found a staircase to the Ecumenical Temple.
  4407 | D:5      | Reached skill level 5 in Spellcasting
  4522 | D:6      | Found a radiant altar of Vehumet.
  4612 | D:6      | Reached ** piety under Sif Muna
  4889 | D:6      | Found a shimmering altar of Xom.
  4890 | D:6      | Found a shimmering altar of Xom.
  4906 | D:6      | Noticed a hippogriff
  4908 | D:6      | Noticed a hippogriff
  4912 | D:6      | Noticed a troll
  4912 | D:6      | Killed a hippogriff
  4933 | D:6      | Killed a hippogriff
  4933 | D:6      | Reached XP level 9. HP: 60/65 MP: 8/18
  4968 | D:6      | Killed a troll
  5036 | D:6      | Learned a level 2 spell: Blink
  5091 | D:6      | Found a sand-covered staircase.
  5107 | Ossuary  | Entered an ossuary
  5139 | Ossuary  | Reached *** piety under Sif Muna
  5485 | Ossuary  | Noticed Menkaure
  5489 | Ossuary  | Killed Menkaure
  5527 | D:6      | Identified a scroll of acquirement {!r}
  5535 | D:6      | Learned a level 5 spell: Lightning Bolt
  5623 | D:6      | Found a shimmering altar of Xom.
  6034 | D:7      | Found an iron altar of Okawaru.
  6210 | D:7      | Found Quinoich's Magic Scroll Shop.
  6225 | D:7      | Bought a scroll of fog for 30 gold pieces
  6288 | D:7      | Reached **** piety under Sif Muna
  6716 | D:7      | Found a transporter.
  6716 | D:7      | Found a hazy altar of Hepliaklqana.
  6717 | D:7      | Noticed a centaur warrior
  6741 | D:7      | Found a transporter.
  7297 | D:7      | Slain by a centaur warrior

Vault maps used:
D:1:      dpeg_arrival_shrine, kennysheep_flooded_box,
          kennysheep_decorative_pillar, palyth_stone_intersect,
          minmay_tromino_v4_c
D:2:      first_ration, nicolae_ashenzari_panopticon
D:3:      marbit_many_paths, uniq_jessica
D:4:      grunt_temple_overflow_open, nicolae_elemental_shop
D:5:      minmay_temple_entry_overgrown
D:6:      minmay_cornered_nines, vehumet_altar_wand_db,
          nicolae_ossuary_entry_plus, xom_redecorated
D:7:      gammafunk_temple_overflow_arena, lemuel_doored_altar, serial_shops,
          shop, the_bakery, sigmund_army, uniq_menkaure
Ossuary:  ossuary_due_pyramid

Skill      XL: |  1  2  3  4  5  6  7  8  9 |
---------------+----------------------------+-----
Conjurations   | 1 2 3 4 6 8 |  8.2
Shields        | 1 2 3 4 |  4.1
Fighting       | 1 2 3 4 |  4.0
Dodging        | 2 3 4 |  4.0
Spellcasting   | 6 8 |  8.2
Stealth        | |  1.5
Summonings     | |  0.7
Translocations | |  0.7

Action                   |  1- 3 |  4- 6 |  7- 9 || total
-------------------------+-------+-------+-------++-------
Melee: Mace              |    66 |       |       ||    66
       Unarmed           |     1 |       |       ||     1
 Fire: Hunting sling     |    58 |   103 |   496 ||   657
 Cast: Magic Dart        |    14 |       |       ||    14
       Call Imp          |     4 |       |       ||     4
       Mephitic Cloud    |       |     3 |    17 ||    20
       Conjure Flame     |       |       |     4 ||     4
Invok: Divine Energy     |       |       |     1 ||     1
  Use: Scroll            |     5 |       |    11 ||    16
 Stab: Sleeping          |     3 |       |       ||     3
Armor: Robe              |    44 |     5 |    20 ||    69
       Leather armour    |       |       |    41 ||    41
Dodge: Dodged            |    89 |    18 |   171 ||   278
Block: Shield            |     3 |       |       ||     3

Table legend:
 A = Spawn XP
 B = Non-spawn XP
 C = Spawn XP percentage of total XP
 D = Spawn monster count
 E = Non-spawn monster count
 F = Spawn count percentage of total count
 G = Total turns spent on level
                    A         B        C        D         E        F      G
               +---------+---------+-------+---------+---------+-------+---------
         Total |       0 |    4910 |   0.0 |       0 |     191 |   0.0 |  7297
               +---------+---------+-------+---------+---------+-------+---------
           D:1 |       0 |      29 |   0.0 |       0 |      19 |   0.0 |   768
           D:2 |       0 |      71 |   0.0 |       0 |      27 |   0.0 |  1321
           D:3 |       0 |     317 |   0.0 |       0 |      24 |   0.0 |   632
           D:4 |       0 |     484 |   0.0 |       0 |      17 |   0.0 |   804
           D:5 |       0 |     937 |   0.0 |       0 |      28 |   0.0 |   977
           D:6 |       0 |    1344 |   0.0 |       0 |      18 |   0.0 |   971
           D:7 |       0 |    1633 |   0.0 |       0 |      36 |   0.0 |  1405
       Ossuary |       0 |      95 |   0.0 |       0 |      22 |   0.0 |   419
               +---------+---------+-------+---------+---------+-------+---------
